 Dungeon Crawl Stone Soup version 0.13-a0-2606-g170388b (webtiles) character file.

7714 Kae the Bludgeoner (level 10, -1/83 HPs)
             Began as a Minotaur Berserker on Aug 4, 2013.
             Was a High Priest of Trog.
             Killed from afar by an electric eel (10 damage)
             ... with a bolt of electricity
             ... on Level 10 of the Dungeon.
             The game lasted 00:16:53 (10698 turns).

Kae the Bludgeoner (Minotaur Berserker)            Turns: 10698, Time: 00:16:53

HP  -1/83        AC 14     Str 23      XL: 10   Next: 93%
MP   3/3         EV  6     Int  6      God: Trog [*****.]
Gold 267         SH  0     Dex 10      Spells:  0 memorised,  9 levels left

Res.Fire  : . . .   See Invis. : .   j - +2,+3 morningstar (crush)
Res.Cold  : + . .   Warding    : .   E - +0 plate armour
Life Prot.: . . .   Conserve   : .   (no shield)
Res.Poison: .       Res.Corr.  : .   (helmet restricted)
Res.Elec. : .       Clarity    : .   v - +0 cloak
Sust.Abil.: . .     Spirit.Shd : .   q - -2 pair of gloves
Res.Mut.  : +       Stasis     : .   (no boots)
Res.Rott. : .       Flight     : .   u - amulet of resist mutation
Saprovore : . . .                    t - ring of protection from cold
                                     y - +0,+7 ring of slaying

@: regenerating, very resistant to hostile enchantments, extremely unstealthy
A: retaliatory headbutt, horns 2
a: Burn Spellbooks, Berserk, Trog's Hand, Brothers in Arms, Renounce Religion


You were on level 10 of the Dungeon.
You worshipped Trog.
Trog was extremely pleased with you.
You were hungry.

You visited 1 branch of the dungeon, and saw 11 of its levels.

You collected 441 gold pieces.
You spent 194 gold pieces at shops.

Inventory:

Hand weapons
 a - a +0,-2 mace
 j - a +2,+3 morningstar of crushing (weapon)
 n - a +1,+2 sling of velocity
Armour
 q - a -2 pair of gloves (worn)
 v - a +0 cloak (worn)
 E - a +0 plate armour (worn)
Magical devices
 c - a wand of paralysis (20)
 p - a wand of frost (4)
 B - a wand of confusion (5)
 D - a wand of disintegration (8)
 G - a wand of random effects (2)
 P - a wand of paralysis (15)
 Q - a wand of draining (7) {unknown}
Comestibles
 f - a choko
 h - 6 meat rations
 F - an apple
 J - a lychee
 K - 5 bread rations
Scrolls
 b - 2 scrolls of enchant armour
 d - 3 scrolls of magic mapping
 e - 8 scrolls of identify
 g - a scroll of fog
 l - 2 scrolls of fear
 m - 8 scrolls of remove curse
 r - a scroll of recharging
 s - 2 scrolls of blinking
 w - a scroll of acquirement
 I - a scroll of noise
 M - a scroll of teleportation
Jewellery
 i - an uncursed ring of fire
 k - an uncursed ring of protection from fire
 t - a ring of protection from cold (right hand)
 u - an amulet of resist mutation (around neck)
 x - a cursed +1 ring of protection
 y - a +0,+7 ring of slaying (left hand)
 z - an uncursed ring of fire
Potions
 o - a potion of agility
 A - a potion of invisibility
 C - 3 potions of curing
 H - a potion of paralysis
 N - a potion of mutation {unknown}
 O - a potion of heal wounds {unknown}


   Skills:
 + Level 6.6 Fighting
 - Level 16.2 Maces & Flails
 * Level 8.0 Armour
 + Level 5.3 Dodging


You had 9 spell levels left.
You didn't know any spells.

Dungeon Overview and Level Annotations

Branches:
Dungeon (11/27)            Temple (0/1) D:4            Lair (0/8) D:10
    Orc: D:6-11

Altars:
Ashenzari
Cheibriados
Fedhas
Trog
Xom
Yredelemnul
Zin

Shops:
D:7: ? D:9: *


Innate Abilities, Weirdness & Mutations

You reflexively headbutt those who attack you in melee.
You have a pair of horns on your head.


Message History

The electric eel shoots out a bolt of electricity!
The bolt of electricity hits you!
* * * LOW HITPOINT WARNING * * *
Unknown command.
Unknown command.
You barely miss the electric eel.
The electric eel is almost dead.
Unknown command.
Unknown command.
Your unstable footing causes you to fumble your attack.
The electric eel shoots out a bolt of electricity!
The bolt of electricity hits you!
* * * LOW HITPOINT WARNING * * *
Unknown command.
Unknown command.
You barely miss the electric eel.
The electric eel is almost dead.
The electric eel shoots out a bolt of electricity!
The bolt of electricity hits you!
You die...

#≈## ##≈≈≈## ...
##≈≈≈≈≈##
....##≈≈≈≈≈≈≈##
....#≈≈≈≈≈≈≈≈≈#
#....≈≈≈≈≈≈≈≈≈≈≈
#....≈≈≈;;≈≈≈≈≈≈≈
#≈≈≈≈@≈≈≈≈≈>≈≈
##≈≈≈≈≈≈≈≈≈≈≈.
####≈≈≈≈≈≈≈≈≈##
#.....≈≈≈≈≈≈.#
#.....≈≈≈≈≈#.#
#.....#≈≈≈##.#
#............#
#............#
#............# .


You could see 2 electric eels.

Vanquished Creatures
  The ghost of horsemans the Basher, an experienced MiFi of Okawaru (D:10)
  The ghost of tesudzi the Covert, an experienced OpMo (D:8)
  The ghost of horsemans the Basher, an experienced MiFi of Okawaru (D:7)
  3 hill giants
  A shadow (D:11)
  A wraith (D:10)
  A shark (D:10)
  A hippogriff (D:11)
  A hungry ghost (D:9)
  A merfolk (D:9)
  Edmund (D:8)
  A sky beast (D:11)
  3 giant goldfish (D:10)
  2 orc warriors
  An ice beast (D:11)
  2 phantoms
  A centaur (D:5)
  An ogre (D:8)
  Sigmund (D:3)
  Duvessa (D:8)
  A giant frog (D:11)
  A hippogriff zombie (D:8)
  3 wights (D:6)
  A jellyfish (D:10)
  A troll zombie (D:11)
  5 electric eels (D:10)
  3 goliath beetles
  3 crimson imps
  Dowan (D:8)
  3 scorpions
  4 big fish
  Crazy Yiuf (D:7)
  2 orc priests
  A basilisk skeleton (D:10)
  A giant frog skeleton (D:5)
  3 hounds
  5 iguanas
  5 worker ants
  9 orc wizards
  3 jellies
  Terence (D:3)
  A mummy (D:9)
  7 adders
  3 gnolls (D:7)
  A giant centipede (D:8)
  A giant mite (D:9)
  3 worms
  4 giant eyeballs
  5 giant geckos
  An ooze (D:6)
  21 orcs
  3 ball pythons
  2 giant cockroaches
  9 goblins
  17 hobgoblins
  3 quokkas
  15 bats
  A giant gecko zombie (D:7)
  3 giant newts
  13 jackals
  A jackal skeleton (D:6)
  13 kobolds
  An orc skeleton (D:4)
  2 orc zombies
  2 quokka skeletons (D:5)
  9 rats
  A rat skeleton (D:5)
  3 ballistomycetes
  A butterfly (D:7)
229 creatures vanquished.

Vanquished Creatures (others)
  3 giant spores
3 creatures vanquished.

Grand Total: 232 creatures vanquished

Notes
Turn   | Place    | Note
--------------------------------------------------------------
     0 | D:1      | Kae, the Minotaur Berserker, began the quest for the Orb.
     0 | D:1      | Reached XP level 1. HP: 19/19 MP: 0/0
    90 | D:1      | Reached skill level 4 in Maces & Flails
   181 | D:1      | Reached XP level 2. HP: 21/26 MP: 0/0
   224 | D:1      | Acquired Trog's second power
   672 | D:2      | Found a bloodstained altar of Trog.
   676 | D:2      | Reached skill level 5 in Maces & Flails
   701 | D:2      | Reached XP level 3. HP: 29/33 MP: 1/1
   913 | D:2      | Found a shattered altar of Ashenzari.
  1192 | D:3      | Noticed Sigmund
  1203 | D:3      | Killed Sigmund
  1203 | D:3      | Reached skill level 6 in Maces & Flails
  1203 | D:3      | Reached XP level 4. HP: 34/39 MP: 1/1
  1467 | D:3      | Noticed Terence
  1476 | D:3      | Killed Terence
  1476 | D:3      | Reached skill level 7 in Maces & Flails
  1476 | D:3      | Reached XP level 5. HP: 27/46 MP: 1/1
  2564 | D:4      | Reached skill level 8 in Maces & Flails
  2624 | D:4      | Reached XP level 6. HP: 52/52 MP: 2/2
  2811 | D:4      | Found a staircase to the Ecumenical Temple.
  2996 | D:5      | Entered Level 5 of the Dungeon
  3127 | D:5      | Reached skill level 9 in Maces & Flails
  3862 | D:5      | Reached XP level 7. HP: 38/59 MP: 2/2
  4144 | D:5      | Found a bloodstained altar of Trog.
  4258 | D:5      | Reached skill level 10 in Maces & Flails
  4356 | D:6      | Acquired Trog's third power
  4437 | D:6      | Paralysed by a giant eyeball for 2 turns
  4481 | D:6      | Paralysed by you for 3 turns
  4573 | D:6      | Reached skill level 11 in Maces & Flails
  5419 | D:7      | Found Ekkaav's Magic Scroll Emporium.
  5468 | D:7      | Bought a scroll of enchant armour for 60 gold pieces
  5468 | D:7      | Bought a scroll of identify for 22 gold pieces
  5468 | D:7      | Bought a scroll of identify for 22 gold pieces
  5468 | D:7      | Bought a scroll of identify for 22 gold pieces
  5468 | D:7      | Bought a scroll of fog for 22 gold pieces
  5468 | D:7      | Bought a scroll of identify for 22 gold pieces
  5677 | D:7      | Reached XP level 8. HP: 54/66 MP: 2/2
  5798 | D:7      | Noticed horsemans' ghost (experienced MiFi)
  5815 | D:7      | Killed horsemans' ghost
  5815 | D:7      | Reached skill level 13 in Maces & Flails
  6100 | D:7      | Noticed Crazy Yiuf
  6106 | D:7      | Killed Crazy Yiuf
  6334 | D:7      | Identified a scroll of acquirement
  6736 | D:8      | Reached XP level 9. HP: 48/72 MP: 3/3
  6988 | D:8      | Noticed Dowan
  6995 | D:8      | Killed Dowan
  6999 | D:8      | Noticed Duvessa
  7014 | D:8      | Killed Duvessa
  7014 | D:8      | Reached skill level 14 in Maces & Flails
  7085 | D:8      | Noticed Edmund
  7096 | D:8      | Killed Edmund
  7269 | D:8      | Noticed tesudzi's ghost (experienced OpMo)
  7285 | D:8      | Killed tesudzi's ghost
  7285 | D:8      | Reached skill level 15 in Maces & Flails
  7366 | D:8      | Paralysed by a giant eyeball for 2 turns
  7415 | D:8      | Found a basalt altar of Yredelemnul.
  7649 | D:8      | Noticed a hill giant
  7657 | D:8      | Killed a hill giant
  7828 | D:8      | Found a snail-covered altar of Cheibriados.
  7888 | D:9      | Found a blossoming altar of Fedhas.
  8067 | D:9      | Reached skill level 16 in Maces & Flails
  8328 | D:9      | Paralysed by a giant eyeball for 2 turns
  8400 | D:9      | Found a glowing silver altar of Zin.
  8552 | D:9      | Reached XP level 10. HP: 44/79 MP: 3/3
  8773 | D:9      | Found Thrah's Assorted Antiques.
  8778 | D:9      | Bought a scroll labeled JEFOEWN OSCHU for 24 gold pieces
  9008 | D:10     | Entered Level 10 of the Dungeon
  9310 | D:10     | Found a shimmering altar of Xom.
  9312 | D:10     | Found a shimmering altar of Xom.
  9312 | D:10     | Noticed a harpy
  9313 | D:10     | Found a shimmering altar of Xom.
  9313 | D:10     | Found a shimmering altar of Xom.
  9313 | D:10     | Found a shimmering altar of Xom.
  9314 | D:10     | Found a shimmering altar of Xom.
  9537 | D:11     | Reached skill level 5 in Armour
  9553 | D:11     | Reached skill level 5 in Fighting
  9607 | D:11     | Noticed a hill giant
  9613 | D:11     | Killed a hill giant
 10012 | D:10     | Found a staircase to the Lair.
 10074 | D:10     | Noticed horsemans' ghost (experienced MiFi)
 10090 | D:10     | Killed horsemans' ghost
 10415 | D:10     | Noticed a hill giant
 10419 | D:10     | Reached skill level 5 in Dodging
 10427 | D:10     | Killed a hill giant
 10698 | D:10     | Killed from afar by an electric eel

Action                   |  1- 3 |  4- 6 |  7- 9 | 10-12 || total
-------------------------+-------+-------+-------+-------++-------
Melee: Mace              |    79 |   130 |   234 |       ||   443
       Unarmed           |       |    17 |       |       ||    17
       Morningstar       |       |       |    97 |   116 ||   213
Invok: Berserk           |     1 |     2 |     4 |     2 ||     9
       Trog's Hand       |       |     4 |     7 |     4 ||    15
       Burn Spellbooks   |       |       |     1 |       ||     1
Evoke: Wand              |       |       |     2 |     5 ||     7
  Use: Potion            |       |     3 |     4 |     1 ||     8
       Scroll            |       |       |    22 |     5 ||    27
